 Dungeon Crawl Stone Soup version 0.26-a0-639-g72c4674329 (webtiles) character file.

Game seed: 9813813883261491593

29 Flugslaktarn the Skirmisher (level 3, -4/33 HPs)
             Began as a Minotaur Fighter on Sept 18, 2020.
             Killed from afar by an orc wizard (9 damage)
             ... with a magic dart
             ... on level 3 of the Dungeon.
             The game lasted 00:00:16 (313 turns).

Flugslaktarn the Skirmisher (Minotaur Fighter)       Turns: 313, Time: 00:00:16

Health: -4/33      AC:  7    Str: 21    XL:     3   Next: 1%
Magic:  0/2        EV:  7    Int:  5    God:
Gold:   60         SH:  9    Dex:  9    Spells: 2/2 levels left

rFire    . . .     SeeInvis .   a - +0 war axe
rCold    . . .     Faith    .   c - +0 kite shield
rNeg     . . .     Spirit   .   b - +0 scale mail
rPois    .         Reflect  .   (helmet restricted)
rElec    .         Harm     .   (no cloak)
rCorr    .         Rampage  .   (no gloves)
MR       .....                  (no boots)
Stlth    ..........             (no amulet)
HPRegen  0.11/turn              (no ring)
MPRegen  0.08/turn              (no ring)

@: mighty
A: retaliatory headbutt, horns 2
a: no special abilities


You were on level 3 of the Dungeon.
You visited 1 branch of the dungeon, and saw 3 of its levels.

You collected 60 gold pieces.

Inventory:

Hand Weapons
 a - a +0 war axe (weapon)
Armour
 b - a +0 scale mail (worn)
 c - a +0 kite shield (worn)
 g - a +0 pair of gloves
   (You found it on level 1 of the Dungeon)
Scrolls
 e - 8 scrolls of identify {unknown}
 f - 2 scrolls of remove curse {unknown}
 h - a scroll of immolation {unknown}
 i - a scroll of random uselessness {unknown}


   Skills:
 * Level 4.2 Fighting
 * Level 3.1 Axes
 + Level 3.9 Armour
 + Level 3.9 Shields


You had 2 spell levels left.
You didn't know any spells.
Your spell library was empty.

Dungeon Overview and Level Annotations

Branches:
Dungeon (3/15)

Altars:


Innate Abilities, Weirdness & Mutations

You reflexively headbutt those who attack you in melee.
You have a pair of horns on your head.


Message History

You barely miss the orc wizard. Your headbutt misses the orc wizard.
The orc wizard points at you and mumbles some strange words.
The magic dart hits you.
The orc wizard gestures at you while chanting.
The magic dart hits you.
* * * LOW HITPOINT WARNING * * *
You are too injured to fight recklessly!
You are too injured to fight recklessly!
You are too injured to fight recklessly!
You are too injured to fight recklessly!
You barely miss the orc wizard. You headbutt the orc wizard.
The orc wizard is moderately wounded.
You block the orc wizard's attack.
The orc wizard hits you but does no damage.
You feel very mighty all of a sudden. You block the orc wizard's attack.
The orc wizard looks encouraged for a moment.
The orc wizard points at you and mumbles some strange words.
The magic dart hits you!
You die...

##.. #.# .### #..#
.#..
...####..###....
...............
............##. ...
#.............
#..###..##..o.....o
#.......##.o#....#.
#.####.....@# ...o.
######........#.>#
....
.........#....#..#
...
.........'....#..#
..
.........#.#.[#..#
#
.........#.#......
.........#.........
.........<.........
..........###.#..?


You could see 2 orc wizards.

Vanquished Creatures
  2 adders (D:3)
  A dart slug (D:2)
  An orc (D:3)
  A giant cockroach (D:1)
  A hobgoblin (D:1)
  A ball python (D:2)
  3 kobolds
10 creatures vanquished.

Notes
Turn   | Place    | Note
-------+----------+-------------------------------------------
     0 | D:1      | Flugslaktarn the Minotaur Fighter began the quest for the
                  | Orb.
     0 | D:1      | Reached XP level 1. HP: 19/19 MP: 0/0
   249 | D:2      | Reached XP level 2. HP: 27/27 MP: 1/1
   301 | D:3      | Reached skill level 4 in Fighting
   308 | D:3      | Reached XP level 3. HP: 15/33 MP: 0/2
   313 | D:3      | Killed from afar by an orc wizard

Illustrated notes

Levels and vault maps discovered:
D:1:      dpeg_arrival_water_altar, layout_rooms, minmay_misc_feat_room,
          minmay_tripent
D:2:      layout_basic, solitary_fountain
D:3:      layout_basic, kennysheep_orc_chapel

Skill      XL: |  1  2 |
---------------+-------+-----
Fighting       | 4 |  4.2
Axes           | 3 |  3.1
Armour         | |  3.9
Shields        | |  3.9

Action                   || total
-------------------------++-------
Melee: War axe           ||    31
       Headbutt          ||     4
  Use: Potion            ||     1
Armor: Scale mail        ||    19
Dodge: Dodged            ||    17
Block: Kite shield       ||    19

Table legend: (Time is in decaauts)
 A = Elapsed time spent in this place.
 B = Non-inter-level travel time spent in this place.
 C = Inter-level travel time spent in this place.
 D = Time resting spent in this place.
 E = Time spent auto-exploring this place.
 F = Levels seen in this place.
 G = Mean time per level.
                   A        B        C        D        E       F      G
               +--------+--------+--------+--------+--------+-----+--------+
         Total |    326 |    287 |     39 |      0 |    195 |   3 |  108.7 |
       Dungeon |    326 |    287 |     39 |      0 |    195 |   3 |  108.7 |
               +--------+--------+--------+--------+--------+-----+--------+

Top non-repeatable levels by time:
     D:2: 200 daAuts
     D:1: 85 daAuts
     D:3: 40 daAuts
